 Dungeon Crawl Stone Soup version 0.31-a0-182-gc5ef74bbde (webtiles) character file.

Game seed: 10811878383100759094

579 qw the Shooter (level 7, 0/66 HPs)
             Began as a Naga Hunter on June 20, 2023.
             Slain by a hound (2 damage)
             ... on level 5 of the Dungeon.
             The game lasted 00:01:47 (3937 turns).

qw the Shooter (Naga Hunter)                        Turns: 3937, Time: 00:01:47

Health: 0/66       AC:  5    Str: 13      XL:     7   Next: 36%
Magic:  7/7        EV:  9    Int:  8 (10) God:
Gold:   191        SH:  0    Dex: 16      Spells: 6/6 levels left

rFire   . . .        Y - +1 shortbow
rCold   . . .        (shield currently unavailable)
rNeg    . . .        b - +2 leather armour {rPois}
rPois   +            (no helmet)
rElec   .            (no cloak)
rCorr   .            (no gloves)
SInv    +            (no barding)
Will    .....        (no amulet)
Stlth   ++           (no ring)
HPRegen 0.31/turn    (no ring)
MPRegen 0.10/turn

%: no passive effects
@: short of breath, very slow
A: AC +2, large, see invisible, deformed body, poison resistance, slowness 2,
spit poison 1, naga tail 1
a: Spit Poison


You were on level 5 of the Dungeon.
You visited 2 branches of the dungeon, and saw 6 of its levels.

You collected 191 gold pieces.


Innate Abilities, Weirdness & Mutations

Your serpentine skin is tough. (AC +2)
You have supernaturally acute eyesight. (SInv)
Armour fits poorly on your strangely shaped body.
Your system is resistant to poisons. (rPois)
You cover ground very slowly.
You can spit poison.
You have a snake-like lower body.


   Skills:
 - Level 4.6 Fighting
 + Level 6.8 Ranged Weapons
 - Level 1.5 Dodging
 - Level 1.5 Stealth


You had 6 spell levels left.
You didn't know any spells.
Your spell library was empty.

Inventory:

Hand Weapons
 Y - a +1 shortbow (weapon)
Armour
 b - a +2 leather armour of poison resistance (worn)
Scrolls
 e - a scroll of identify
Potions
 a - a potion of brilliance {unknown}
 c - a potion of haste
 d - a potion of curing
 f - a potion of attraction {unknown}
 g - a potion of ambrosia {unknown}
 i - a potion of heal wounds {unknown}

Dungeon Overview and Level Annotations

Branches:
Dungeon (5/15)             Temple (1/1) D:4

Altars:
Ashenzari
Elyvilon
Fedhas
Nemelex Xobeh
Qazlal
Trog
Vehumet
Wu Jian
Zin


Message History

The black bear is moderately wounded.
The hound bites you but does no damage. The black bear bites you.
The black bear closely misses you. The black bear claws you.
The hound barely misses you.
You shoot an arrow. The arrow barely misses the black bear.
The hound bites you.
The black bear bites you but does no damage.
The black bear claws you.
The black bear claws you but does no damage.
The hound bites you but does no damage.
You shoot an arrow.
The arrow hits the black bear but does no damage.
The black bear is moderately wounded.
The black bear bites you. The black bear claws you.
The black bear claws you but does no damage.
The hound bites you but does no damage.
The black bear bites you but does no damage.
The black bear claws you. x2
You shoot an arrow. The arrow hits the black bear.
The black bear is moderately wounded.
The hound bites you. x2; The black bear bites you.
The black bear claws you but does no damage. x2
You shoot an arrow. The arrow hits the black bear.
The black bear is heavily wounded.
The hound bites you. The black bear bites you. The black bear claws you.
The black bear claws you but does no damage.
The hound bites you but does no damage.
You shoot an arrow. The arrow barely misses the black bear.
You have got your breath back.
The hound bites you. The black bear bites you.
The black bear closely misses you.
The black bear claws you but does no damage.
3937 ||| INVOKING Spit Poison.
Aiming: Spit Poison (1% risk of failure)
Press: ? - help, Shift-Dir - straight line, f/p - black bear The splash of poison hits the black bear but does no damage.
The black bear is poisoned.
The black bear is heavily wounded.
The hound bites you.
You die...

##..........# .
#..........# ....
..
####.......##.#.#
...
#..#........#.##..
#..#...<.#......#
#........#......###
##.>.......#.=.....
##...#...##h......
##..#....@h..#
#.###...#....?..
### #...#...#...
######.## . ##


You could see a black bear (poisoned) and a hound.

Vanquished Creatures
  Menkaure (D:4)
  A centaur (D:4)
  2 hounds
  4 orc wizards (D:4)
  7 gnolls
  5 adders
  2 worms (D:2)
  4 dart slugs
  An orc (D:4)
  6 bats
  11 endoplasms
  2 giant cockroaches
  6 goblins
  8 hobgoblins
  6 jackals (D:2)
  9 kobolds
  6 quokkas
  7 ball pythons
  5 frilled lizards
  7 rats
100 creatures vanquished.

Notes
Turn   | Place    | Note
-------+----------+-------------------------------------------
     0 | D:1      | qw the Naga Hunter began the quest for the Orb.
     0 | D:1      | Reached XP level 1. HP: 19/19 MP: 1/1
     0 | D:1      | 0 ||| qw: Version: 0.3-a-9-g12657ce
     0 | D:1      | 0 ||| qw: Game counter: 1294
     0 | D:1      | 0 ||| qw: Always use a shield: true
     0 | D:1      | 0 ||| qw: God list: Okawaru
     0 | D:1      | 0 ||| qw: Allow faded altars: false
     0 | D:1      | 0 ||| qw: Do Orc after D:15 true
     0 | D:1      | 0 ||| qw: Do second Lair branch before Depths: true
     0 | D:1      | 0 ||| qw: Lair rune preference: random
     0 | D:1      | 0 ||| qw: Plans: Normal
     0 | D:1      | 0 ||| PLANNING D:1-11
    35 | D:1      | 35 ||| INVOKING Spit Poison.
    44 | D:1      | 44 ||| INVOKING Spit Poison.
   110 | D:1      | Reached skill level 4 in Ranged Weapons
   110 | D:1      | Reached XP level 2. HP: 26/26 MP: 2/2
   150 | D:1      | 150 ||| INVOKING Spit Poison.
   169 | D:1      | 169 ||| INVOKING Spit Poison.
   209 | D:1      | 209 ||| READING scroll labelled CACWU IMNEFUSTA.
   210 | D:1      | 210 ||| DROPPING scroll of butterflies.
   213 | D:1      | 213 ||| INVOKING Spit Poison.
   218 | D:1      | 218 ||| INVOKING Spit Poison.
   309 | D:1      | 309 ||| UPGRADING to +2 leather armour of poison
                  | resistance.
   319 | D:1      | 319 ||| INVOKING Spit Poison.
   328 | D:1      | 328 ||| DROPPING +0 leather armour.
   342 | D:1      | 342 ||| INVOKING Spit Poison.
   350 | D:1      | 350 ||| INVOKING Spit Poison.
   405 | D:1      | 405 ||| INVOKING Spit Poison.
   495 | D:1      | 495 ||| INVOKING Spit Poison.
   541 | D:1      | 541 ||| INVOKING Spit Poison.
   702 | D:1      | 702 ||| INVOKING Spit Poison.
   707 | D:1      | Reached XP level 3. HP: 32/32 MP: 3/3
   714 | D:1      | 714 ||| INVOKING Spit Poison.
   728 | D:1      | 728 ||| INVOKING Spit Poison.
   768 | D:1      | 768 ||| INVOKING Spit Poison.
   875 | D:1      | 875 ||| INVOKING Spit Poison.
  1102 | D:1      | 1102 ||| READING scroll labelled QUHUSI ZIVIA.
  1103 | D:1      | 1103 ||| READING scroll labelled PIOMAV SINN.
  1104 | D:1      | 1104 ||| READING scroll labelled KYOSOP OHIN.
  1105 | D:1      | 1105 ||| DRINKING 2 blue potions.
  1106 | D:1      | 1106 ||| READING 2 scrolls of identify.
  1106 | D:1      | 1106 ||| IDENTIFYING viscous puce potion
  1107 | D:1      | 1107 ||| DROPPING potion of berserk rage.
  1140 | D:2      | 1140 ||| INVOKING Spit Poison.
  1144 | D:2      | 1144 ||| STAIRDANCE
  1146 | D:1      | 1146 ||| INVOKING Spit Poison.
  1150 | D:1      | 1150 ||| INVOKING Spit Poison.
  1156 | D:1      | 1156 ||| INVOKING Spit Poison.
  1244 | D:2      | 1244 ||| INVOKING Spit Poison.
  1254 | D:2      | 1254 ||| INVOKING Spit Poison.
  1289 | D:2      | 1289 ||| INVOKING Spit Poison.
  1462 | D:2      | Reached skill level 5 in Ranged Weapons
  1462 | D:2      | Reached XP level 4. HP: 39/39 MP: 4/4
  1465 | D:2      | 1465 ||| INVOKING Spit Poison.
  1471 | D:2      | 1471 ||| INVOKING Spit Poison.
  1477 | D:2      | 1477 ||| INVOKING Spit Poison.
  1481 | D:2      | 1481 ||| INVOKING Spit Poison.
  1487 | D:2      | 1487 ||| INVOKING Spit Poison.
  1575 | D:2      | 1575 ||| INVOKING Spit Poison.
  1659 | D:2      | 1659 ||| INVOKING Spit Poison.
  1664 | D:2      | 1664 ||| INVOKING Spit Poison.
  1723 | D:3      | Found a blossoming altar of Fedhas.
  1726 | D:3      | 1726 ||| INVOKING Spit Poison.
  1727 | D:3      | 1727 ||| INVOKING Spit Poison.
  1728 | D:3      | 1728 ||| INVOKING Spit Poison.
  1730 | D:3      | Reached skill level 3 in Fighting
  1741 | D:3      | 1741 ||| INVOKING Spit Poison.
  1787 | D:3      | 1787 ||| Stepping ~*~*~tactically~*~*~ (outnumbered).
  1789 | D:3      | 1789 ||| Stepping ~*~*~tactically~*~*~ (outnumbered).
  1790 | D:3      | 1790 ||| INVOKING Spit Poison.
  1791 | D:3      | 1791 ||| INVOKING Spit Poison.
  1793 | D:3      | Reached XP level 5. HP: 49/49 MP: 5/5
  1796 | D:3      | 1796 ||| INVOKING Spit Poison.
  1841 | D:3      | 1841 ||| INVOKING Spit Poison.
  1854 | D:3      | 1854 ||| INVOKING Spit Poison.
  1857 | D:3      | 1857 ||| INVOKING Spit Poison.
  1887 | D:3      | 1887 ||| INVOKING Spit Poison.
  1892 | D:3      | 1892 ||| INVOKING Spit Poison.
  1914 | D:3      | 1914 ||| INVOKING Spit Poison.
  1922 | D:3      | 1922 ||| INVOKING Spit Poison.
  1975 | D:3      | 1975 ||| INVOKING Spit Poison.
  2021 | D:3      | 2021 ||| INVOKING Spit Poison.
  2084 | D:3      | 2084 ||| INVOKING Spit Poison.
  2096 | D:3      | Found a white marble altar of Elyvilon.
  2105 | D:3      | 2105 ||| INVOKING Spit Poison.
  2106 | D:3      | 2106 ||| INVOKING Spit Poison.
  2113 | D:3      | 2113 ||| INVOKING Spit Poison.
  2118 | D:3      | 2118 ||| INVOKING Spit Poison.
  2136 | D:3      | 2136 ||| INVOKING Spit Poison.
  2165 | D:3      | 2165 ||| INVOKING Spit Poison.
  2198 | D:3      | 2198 ||| INVOKING Spit Poison.
  2210 | D:3      | Found a faded altar of an unknown god.
  2277 | D:3      | Found a sparkling altar of Nemelex Xobeh.
  2283 | D:3      | 2283 ||| INVOKING Spit Poison.
  2362 | D:3      | 2362 ||| INVOKING Spit Poison.
  2367 | D:3      | 2367 ||| INVOKING Spit Poison.
  2391 | D:3      | 2391 ||| DROPPING amulet of magic regeneration.
  2392 | D:3      | 2392 ||| READING scroll labelled GAOC ALONU.
  2393 | D:3      | 2393 ||| READING scroll labelled PAIROU FIKLO.
  2394 | D:3      | 2394 ||| READING scroll labelled MASCHE CIRILU.
  2395 | D:3      | 2395 ||| DRINKING 2 ruby potions.
  2396 | D:3      | 2396 ||| DRINKING 2 sapphire potions.
  2397 | D:3      | 2397 ||| READING 2 scrolls of identify.
  2397 | D:3      | 2397 ||| IDENTIFYING red potion
  2398 | D:3      | 2398 ||| DROPPING potion of lignification.
  2399 | D:3      | 2399 ||| DROPPING potion of degeneration.
  2436 | D:4      | 2436 ||| INVOKING Spit Poison.
  2442 | D:4      | 2442 ||| INVOKING Spit Poison.
  2449 | D:4      | 2449 ||| INVOKING Spit Poison.
  2453 | D:4      | 2453 ||| INVOKING Spit Poison.
  2455 | D:4      | Reached XP level 6. HP: 28/56 MP: 6/6
  2458 | D:4      | 2458 ||| INVOKING Spit Poison.
  2461 | D:4      | HP: 12/56 [gnoll/+0 spear (3)]
  2463 | D:4      | 2463 ||| INVOKING Spit Poison.
  2465 | D:4      | Reached skill level 6 in Ranged Weapons
  2642 | D:4      | 2642 ||| INVOKING Spit Poison.
  2671 | D:4      | Found a staircase to the Ecumenical Temple.
  2672 | D:4      | 2672 ||| PLANNING TEMPLE
  2672 | D:4      | 2672 ||| INVOKING Spit Poison.
  2680 | Temple   | Entered the Ecumenical Temple
  2823 | Temple   | 2823 ||| PLANNING D:1-11
  2885 | D:4      | 2885 ||| INVOKING Spit Poison.
  2890 | D:4      | 2890 ||| INVOKING Spit Poison.
  2895 | D:4      | 2895 ||| INVOKING Spit Poison.
  3045 | D:4      | Noticed Menkaure
  3053 | D:4      | HP: 8/56 [Menkaure (9)]
  3054 | D:4      | Killed Menkaure
  3242 | D:4      | 3242 ||| INVOKING Spit Poison.
  3243 | D:4      | 3243 ||| Stepping ~*~*~tactically~*~*~ (outnumbered).
  3247 | D:4      | HP: 14/58 [centaur/arrow (7)]
  3248 | D:4      | 3248 ||| INVOKING Spit Poison.
  3248 | D:4      | HP: 3/58 [centaur/arrow (5)]
  3251 | D:4      | Reached XP level 7. HP: 4/66 MP: 7/7
  3255 | D:4      | 3255 ||| INVOKING Spit Poison.
  3475 | D:4      | 3475 ||| READING scroll labelled CICIB CAI.
  3480 | D:4      | 3480 ||| INVOKING Spit Poison.
  3485 | D:4      | 3485 ||| INVOKING Spit Poison.
  3488 | D:4      | 3488 ||| INVOKING Spit Poison.
  3493 | D:4      | 3493 ||| INVOKING Spit Poison.
  3599 | D:4      | 3599 ||| READING scroll labelled RUEKHL VIAPLOQ.
  3605 | D:4      | 3605 ||| INVOKING Spit Poison.
  3608 | D:4      | 3608 ||| INVOKING Spit Poison.
  3761 | D:4      | 3761 ||| INVOKING Spit Poison.
  3814 | D:4      | 3814 ||| INVOKING Spit Poison.
  3902 | D:5      | Entered Level 5 of the Dungeon
  3925 | D:5      | 3925 ||| INVOKING Spit Poison.
  3930 | D:5      | 3930 ||| INVOKING Spit Poison.
  3935 | D:5      | HP: 13/66 [black bear (4)]
  3936 | D:5      | HP: 6/66 [hound (4)]
  3936 | D:5      | HP: 1/66 [black bear (5)]
  3937 | D:5      | 3937 ||| INVOKING Spit Poison.
  3937 | D:5      | Slain by a hound

Levels and vault maps discovered:
D:1:      dpeg_arrival_line_fractal, layout_basic, serial_glass,
          glass_columns_b, glass_columns_a, item_on_display_b,
          minmay_strange_pillars, due_unseen_surprise, feat_on_display,
          chequers_big_river, bh_walls_and_bars
D:2:      layout_rooms
D:3:      layout_loops_ring, fedhas_altar_1,
          mainiacjoe_overflow_small_starburst, general_overflow_altar,
          hellmonk_ecumenical_altar_pennies_from_heaven, minmay_misc_feat_rows,
          minmay_misc_feat_tiny
D:4:      layout_loops_ring, minmay_temple_entry_hall,
          minmay_a_box_with_orc_wizards_in_it, uniq_menkaure
D:5:      nicolae_cairo_tiling, layout_cave_pools,
          nicolae_overflow_hidden_temple, mainiacjoe_overflow_big_doors
Temple:   hellmonk_temple_flake

Skill      XL: |  1  2  3  4  5  6 |
---------------+-------------------+-----
Ranged Weapons | 4 5 6 |  6.8
Fighting       | 3 4 |  4.6
Dodging        | |  1.5
Stealth        | |  1.5

Action                     |  1- 3 |  4- 6 |  7- 9 || total
---------------------------+-------+-------+-------++-------
   Fire: Shortbow          |    68 |   141 |    31 ||   240
Ability: Spit Poison       |    24 |    44 |    12 ||    80
    Use: Scroll            |     5 |     4 |     2 ||    11
         Potion            |     1 |     2 |       ||     3
 Armour: Leather armour    |    10 |    52 |    18 ||    80
  Dodge: Dodged            |    14 |    73 |    13 ||   100

Table legend:
 A = Non-vault XP
 B = Vault XP
 C = Vault XP percentage of total XP
 D = Non-vault monster count
 E = Vault monster count
 F = Vault count percentage of total count
                 A         B        C        D         E       F
            +---------+---------+-------+---------+---------+-------
      Total |     514 |     314 |  37.9 |      95 |       5 |   5.0
            +---------+---------+-------+---------+---------+-------
        D:1 |      54 |       0 |   0.0 |      28 |       0 |   0.0
        D:2 |      66 |       0 |   0.0 |      25 |       0 |   0.0
        D:3 |     158 |       0 |   0.0 |      27 |       0 |   0.0
        D:4 |     236 |     314 |  57.1 |      15 |       5 |  25.0
            +---------+---------+-------+---------+---------+-------
